 Dungeon Crawl Stone Soup version 0.20-b1-18-gaa2fd62 (webtiles) character file.

282 Exporg the Magician (level 6, -1/33 HPs)
             Began as a Deep Elf Summoner on May 24, 2017.
             Slain by a worker ant (6 damage)
             ... on level 4 of the Dungeon.
             The game lasted 00:13:10 (3845 turns).

Exporg the Magician (Deep Elf Summoner)             Turns: 3845, Time: 00:13:10

Health: -1/33      AC:  2    Str:  5    XL:     6   Next: 6%
Magic:  9/16       EV: 13    Int: 19    God:
Gold:   107        SH:  0    Dex: 15    Spells: 6/16 levels left

rFire    . . .     SeeInvis +   y - +5 hand axe "Lobemn" {flame, rN+ SInv Stlth+}
rCold    + . .     Gourm    .   (no shield)
rNeg     + . .     Faith    .   a - +0 robe
rPois    .         Spirit   .   (no helmet)
rElec    .         Reflect  .   (no cloak)
rCorr    .         Harm     .   (no gloves)
MR       .....                  (no boots)
Stlth    +++.......             x - amulet of inaccuracy (curse)
Regen    0.2/turn               o - -3 ring of intelligence (curse)
MPRegen  0.2/turn               w - ring of protection from cold

@: no status effects
A: no striking features
a: no special abilities


You were on level 4 of the Dungeon.
You were not hungry.

You visited 1 branch of the dungeon, and saw 4 of its levels.

You collected 107 gold pieces.

Inventory:

Hand Weapons
 f - a +0 club
 j - a +0 dagger
 q - a +0 dagger of venom
 y - the +5 hand axe "Lobemn" (weapon) {flame, rN+ SInv Stlth+}
   (You found it on level 4 of the Dungeon)

   It has been specially enchanted to burn those struck by it, causing extra
   injury to most foes and up to half again as much damage against particularly
   susceptible opponents.
   Big, fiery blades are also staple armaments of hydra-hunters.
   It protects you from negative energy.
   It lets you see invisible.
   It makes you more stealthy.
Missiles
 m - a throwing net (quivered)
 n - 7 tomahawks
Armour
 a - a +0 robe (worn)
 u - a cursed +0 chain mail
Jewellery
 o - a cursed -3 ring of intelligence (left hand)
 w - a ring of protection from cold (right hand)
 x - a cursed amulet of inaccuracy (around neck)
Scrolls
 e - 3 scrolls of enchant weapon
 i - a scroll of enchant armour
 p - a scroll of random uselessness
 r - a scroll of fog
 A - a scroll of fear {unknown}
Potions
 d - 3 potions of curing
 h - a potion of heal wounds {unknown}
 k - a potion of degeneration {unknown}
 l - a potion of brilliance {unknown}
 t - a potion of invisibility {unknown}
 z - 2 potions of lignification {unknown}
Books
 b - a book of Callings

   Spells                             Type                      Level
   a - Summon Small Mammal            Summoning                    1
   b - Call Imp                       Summoning                    2
   c - Call Canine Familiar           Summoning                    3
   d - Summon Guardian Golem          Hexes/Summoning              3
   e - Summon Lightning Spire         Summoning/Air                4
   f - Summon Ice Beast               Ice/Summoning                4
 v - a book of Conjurations

   Spells                             Type                      Level
   a - Magic Dart                     Conjuration                  1
   b - Searing Ray                    Conjuration                  2
   c - Dazzling Spray                 Conjuration/Hexes            3
   d - Fulminant Prism                Conjuration/Hexes            4
   e - Force Lance                    Conjuration/Translocation    4
   f - Iskenderun's Mystic Blast      Conjuration                  4
Comestibles
 c - 3 bread rations
 g - 4 fruits
 s - a royal jelly


   Skills:
 + Level 0.4 Fighting
 + Level 0.8 Short Blades
 + Level 0.1 Maces & Flails
 + Level 2.9 Dodging
 + Level 3.5 Stealth
 + Level 5.9 Spellcasting
 + Level 5.7 Summonings
 * Level 1.0 Ice Magic


You had 6 spell levels left.
You knew the following spells:

 Your Spells              Type           Power        Failure   Level  Hunger
a - Summon Small Mammal   Summ           ####         1%          1    None
b - Call Imp              Summ           ####....     1%          2    None
c - Call Canine Familiar  Summ           ####....     3%          3    ##.....
d - Summon Ice Beast      Ice/Summ       ###.....     28%         4    ####...


Dungeon Overview and Level Annotations

Branches:
Dungeon (4/15)
 Temple: D:4-7

Altars:
Dithmenos
Nemelex Xobeh


Message History

A worker ant comes into view.
A worker ant is nearby!
Your crimson imp blinks!
What are your orders? t - Shout!
Orders for allies: a - Attack new target. r - Retreat! s - Stop attacking. g - Guard the area. f - Follow me.
Anything else - Cancel.
Gang up on whom?
Press: ? - help, Dir - move target cursor, f - worker ant
Aim: a worker ant Attack!
Your crimson imp disappears in a puff of smoke!
Your iron imp hits the worker ant.
Your crimson imp hits the worker ant but does no damage.
Casting: Call Imp
Confirm with . or Enter, or press ? or * to list all spells.
The worker ant bites you.
You die...

#...######## #..........#
######## #..<......<#
#####......## #..........#
#...#.###...# ###.###'####
#.#.#..#....# #.# #.#
##.#......#..#
####.###.######............#
.................5.5.>...#.######
.....#..........@a.#####.#......#
.....#...........h..## #...####.#
.†.............###...#####.####.#
......#.......##.##......#.#.....
........#####.#._.#.####.#.#.####
.....#..# #.......# #.#.#.#
...(.#..# ##.....## #(#.#.###
#######.# ##...## #.#.#...# #.##
##### ####.#.###)#


You could see a worker ant, a friendly hound, a friendly iron imp and a friendly
crimson imp.

Vanquished Creatures
  2 leopard geckos
  An orc (D:3)
  7 bats
  A frilled lizard (D:4)
  A kobold (D:1)
12 creatures vanquished.

Vanquished Creatures (collateral kills)
  Grinder (D:3)
  Sigmund (D:4)
  Blork the orc (D:4)
  2 adders
  2 oozes (D:3)
  A worm (D:3)
  2 dart slugs (D:1)
  A leopard gecko (D:1)
  2 orcs (D:3)
  4 bats (D:1)
  3 giant cockroaches
  7 goblins
  6 hobgoblins
  4 jackals (D:3)
  10 kobolds
  3 frilled lizards
  4 rats
54 creatures vanquished.

Grand Total: 66 creatures vanquished

Notes
Turn   | Place    | Note
-------+----------+-------------------------------------------
     0 | D:1      | Exporg the Deep Elf Summoner began the quest for the Orb.
     0 | D:1      | Reached XP level 1. HP: 10/10 MP: 6/6
   781 | D:1      | Reached XP level 2. HP: 15/15 MP: 8/8
   785 | D:1      | Learned a level 2 spell: Call Imp
  1550 | D:1      | Reached skill level 5 in Summonings
  2423 | D:2      | Reached XP level 3. HP: 19/19 MP: 5/10
  2731 | D:2      | Learned a level 3 spell: Call Canine Familiar
  2752 | D:3      | Noticed Grinder
  2754 | D:3      | Paralysed by Grinder for 4 turns
  2796 | D:3      | Killed Grinder
  2796 | D:3      | Reached XP level 4. HP: 12/24 MP: 2/12
  2796 | D:3      | Reached XP level 5. HP: 14/28 MP: 2/14
  2802 | D:3      | Learned a level 4 spell: Summon Ice Beast
  3257 | D:3      | Found a sparkling altar of Nemelex Xobeh.
  3334 | D:3      | Reached skill level 5 in Spellcasting
  3553 | D:4      | Noticed Blork the orc
  3605 | D:4      | Noticed Sigmund
  3619 | D:4      | Killed Sigmund
  3663 | D:4      | Got a brightly glowing hand axe
  3664 | D:4      | Identified the +5 hand axe "Lobemn" {flame, rN+ SInv Stlth+} (You found it on level 4 of the Dungeon)
  3724 | D:4      | Found a shadowy altar of Dithmenos.
  3814 | D:4      | HP: 1/28 [Blork the orc/magic dart (5)]
  3820 | D:4      | Killed Blork the orc
  3820 | D:4      | Reached skill level 1 in Ice Magic
  3820 | D:4      | Reached XP level 6. HP: 2/33 MP: 9/16
  3845 | D:4      | Slain by a worker ant

Skill      XL: |  1  2  3  4  5 |
---------------+----------------+-----
Summonings     | 5 |  5.7
Stealth        | 3 |  3.5
Spellcasting   | 4 5 |  5.9
Ice Magic      | 1 |  1.0
Fighting       | |  0.4
Short Blades   | |  0.8
Maces & Flails | |  0.1
Dodging        | |  2.9

Action                   |  1- 3 |  4- 6 || total
-------------------------+-------+-------++-------
Melee: Club              |    30 |       ||    30
       Dagger            |    20 |    12 ||    32
       Hand axe          |       |     2 ||     2
 Cast: Summon Small Mamm |    38 |     4 ||    42
       Call Imp          |     8 |     8 ||    16
       Call Canine Famil |     2 |     7 ||     9
  Use: Scroll            |       |     6 ||     6
 Stab: Sleeping          |     2 |     2 ||     4
  Eat: Chunk             |     5 |     5 ||    10
Armor: Robe              |    20 |       ||    20
Dodge: Dodged            |    59 |    14 ||    73
